 Dungeon Sprint DCSS version 0.30.1-4-g462c640d31 (webtiles) character file.

Game seed: 3839304326310413558

1880 boopmooplesden the Blocker (level 9, -4/62 HPs)
             Began as a Gargoyle Fighter on Sept 8, 2023.
             Was the Champion of Trog.
             Slain by a merfolk
             ... wielding a +0 trident
              (16 damage)
             ... in the Dungeon (Sprint V: "Ziggurat Sprint").
             The game lasted 00:03:31 (370 turns).

boopmooplesden the Blocker (Gargoyle Fighter)        Turns: 370, Time: 00:03:32

Health: -4/62      AC: 32    Str: 29    XL:     9   Next: 14%
Magic:  0/9        EV:  5    Int: 10    God:    Trog [******]
Gold:   0          SH: 22    Dex: 15    Spells: 8/8 levels left

rFire   + + +        l - +6 shillelagh "Devastator" {shatter}
rCold   + . .        b - +3 tower shield
rNeg    + . .        k - +5 gold dragon scales
rPois   ∞            (no helmet)
rElec   +            J - +1 cloak {rPois}
rCorr   .            (no gloves)
SInv    .            (no boots)
Will    .....        F - amulet "Xoiggios" {Spirit rF++} Stlth
                     o - +6 ring of dexterity
HPRegen 0.30/turn    s - +6 ring of strength
MPRegen 0.11/turn

%: no teleportation, guardian spirit
@: on berserk cooldown, slowed, very slow
A: sickness immunity, AC +6, negative energy resistance 1, electricity
resistance, torment resistance 1, petrification resistance
a: Renounce Religion, Berserk, Trog's Hand, Brothers in Arms


You were in the Dungeon.
You worshipped Trog.
Trog was exalted by your worship.
You visited 1 branch

Inventory:

Hand Weapons
 a - a +0 flail
 l - the +6 shillelagh "Devastator" (weapon) {shatter}
   (You found it in the Dungeon)
 E - the +10 quarterstaff of Xestreal {elec, Fragile rElec rF+++ Str-4}
   (You found it in the Dungeon)

   Str:       It affects your strength (-4).
   rF:        It renders you almost immune to fire.
   rElec:     It insulates you from electricity.
   Fragile:   It will be destroyed if unequipped.
 H - a +4 demon whip of venom
 I - the +4 hand axe of the Mind {flame, rPois Str+3}
   (You found it in the Dungeon)

   Str:       It affects your strength (+3).
   rPois:     It protects you from poison.
Armour
 b - a +3 tower shield (worn)
 c - a +0 buckler
 k - +5 gold dragon scales (worn)
 J - a +1 cloak of poison resistance (worn)
Jewellery
 n - a ring of flight
 o - a +6 ring of dexterity (left hand)
 p - a +6 ring of dexterity
 q - a +6 ring of intelligence
 r - a +6 ring of intelligence
 s - a +6 ring of strength (right hand)
 t - a +6 ring of strength
 F - the amulet "Xoiggios" (around neck) {Spirit rF++}
   (You acquired it in the Dungeon)

   [amulet of guardian spirit]

   It causes incoming damage to be divided between your reserves of health and
   magic.
   rF:        It greatly protects you from fire.
 G - a ring of resist corrosion
 L - an amulet of the acrobat
Wands
 m - a wand of iceblast (13)
 u - a wand of mindburst (13)
 v - a wand of acid (13)
 K - a wand of polymorph (2)
 N - a wand of charming (7)
Scrolls
 j - 4 scrolls of blinking
 y - 4 scrolls of amnesia
 B - 7 scrolls of fog
 C - 5 scrolls of identify
 D - 2 scrolls of fear
Potions
 d - 6 potions of might
 e - 10 potions of curing
 f - 18 potions of heal wounds
 g - 6 potions of haste
 h - 7 potions of magic
 i - 3 potions of berserk rage
 w - 2 potions of brilliance
 x - 2 potions of invisibility
 z - 4 potions of resistance
 A - a potion of experience
 M - a potion of ambrosia {unknown}


   Skills:
 + Level 10.1 Fighting
 + Level 8.4 Maces & Flails
 + Level 11.2 Armour
 + Level 14.4 Shields


You had 8 spell levels left.
You didn't know any spells.
Your spell library was empty.

Dungeon Overview and Level Annotations

Branches:
Dungeon (1/1)

Altars:
Ashenzari
Cheibriados
Dithmenos
Elyvilon
Fedhas
Gozag
Hepliaklqana
Kikubaaqudgha
Makhleb
Nemelex Xobeh
Okawaru
Qazlal
Ru
Sif Muna
Trog
Uskayaw
Vehumet
Wu Jian
Xom
Yredelemnul
Zin
The Shining One
Jiyva
Lugonu

Annotations:
D 1 transporter


Innate Abilities, Weirdness & Mutations

You are immune to sickness and miasma.
Your stone body is resilient. (AC +6)
You are immune to poison.
You resist negative energy. (rN+)
You are resistant to electric shocks. (rElec)
You are resistant to unholy torment.
You are immune to petrification.


Message History

You closely miss the wind drake.
The wind drake is severely wounded.
The wind drake closely misses you.
The merfolk hits you from afar with a +0 trident.
The wind drake exhales a fierce blast of wind!
The merfolk is knocked back by the gust of wind.
The merfolk slams into the unnaturally hard rock wall!
The merfolk dies!
The wind drake is knocked back by the gust of wind.
You are knocked back by the gust of wind.
The merfolk throws a throwing net.
The throwing net hits you.
You become entangled in the net!
You struggle against the net.
You struggle against the net.
You feel a strong urge to attack something.
You are no longer berserk.
You are exhausted.
You feel yourself slow down. The wind drake flaps its wings at you.
The air twists around and strikes you.
You struggle against the net.
The wind drake bites you but does no damage.
The wind drake flaps its wings at you. The air twists around and strikes you!!
You struggle against the net.
The wind drake exhales a fierce blast of wind!
The merfolk is knocked back by the gust of wind.
The merfolk slams into the unnaturally hard rock wall!
The merfolk is severely wounded.
You are knocked back by the gust of wind.
You slam into the unnaturally hard rock wall!
The wind drake exhales a fierce blast of wind!
You are knocked back by the gust of wind.
You slam into the unnaturally hard rock wall!
The wind drake flaps its wings at you. The air twists around and strikes you!!
* * * LOW HITPOINT WARNING * * *
You block the wind drake's attack. You block the merfolk's attack.
The merfolk hits you with a +0 trident!
You die...

▓...)))...▓.......▓
▓...)))...▓.......▓
▓.▓.....▓.▓.......▓
▓....©....▓...©...▓
▓▓▓▓▓▓▓▓▓▓▓▓▓▓▓▓▓▓▓
▓...8©8...▓..8©8..▓
▓..)==/)..▓..:....▓
▓...![|k..▓..)....▓
▓......m@.▓.......▓
▓......k.)▓.......▓
▓.....)).m▓.......▓
▓.........▓..)....▓
▓.▓.....▓.▓.▓.).▓.▓
▓....©....▓...©...▓
▓▓▓▓▓▓▓▓▓▓▓▓▓▓▓▓▓▓▓


You could see 2 wind drakes and 2 merfolk.

Vanquished Creatures
  2 merfolk (D)
  Sigmund (D)
  A jumping spider (D)
  A yak (D)
  Edmund (D)
  Duvessa (D)
  Blork the orc (D)
  A necrophage (D)
  4 scorpions (D)
  2 wights (D)
  Dowan (D)
  A crimson imp (D)
  A quasit (D)
  An orc priest (D)
  Crazy Yiuf (D)
  Jessica (D)
  An iguana (D)
  An orc wizard (D)
  2 river rats (D)
  A shadow imp (D)
  An ufetubus (D)
  An adder skeleton (D)
  3 adder zombies (D)
  An orc (D)
  A bat skeleton (D)
  A bat zombie (D)
  2 jackals (D)
  A ball python skeleton (D)
  A ball python zombie (D)
  A jackal zombie (D)
39 creatures vanquished.

Vanquished Creatures (others)
  A merfolk (D)
  A centaur (D)
2 creatures vanquished.

Grand Total: 41 creatures vanquished

Notes
Turn   | Place    | Note
-------+----------+-------------------------------------------
     0 | D        | boopmooplesden the Gargoyle Fighter began the quest for the
                  | Orb.
     0 | D        | Reached XP level 1. HP: 14/14 MP: 1/1
    16 | D        | Found a blossoming altar of Fedhas.
    16 | D        | Found the +6 Majin-Bo {spellvamp, MP+6 Int+6}
    16 | D        | Found the +27 heavy crossbow "Sniper" {heavy, Acc+∞ SInv}
    16 | D        | Found the +10 dark maul {heavy}
    16 | D        | Found the +15 Maxwell's patent armour {-Cast -Tele rElec
                  | Will+ rCorr}
    16 | D        | Found the +18 shield of the Gong {Loud rN+ Will+ rCorr
                  | EV-5}
    16 | D        | Found the +16 obsidian axe {drain, demonic, Mesm Drain Fly
                  | SInv}
    17 | D        | Found the +7 great mace "Firestarter" {flame, immolate,
                  | rFlCloud rF++}
    17 | D        | Found the +6 shillelagh "Devastator" {shatter}
    17 | D        | Found the +11 plutonium sword {Contam Stlth-}
    17 | D        | Found the +8 lance "Wyrmbane" {slay drac, rPois rF+ rC+
                  | AC+3}
    17 | D        | Found the +9 sword of Zonguldrok {reap}
    17 | D        | Found the +13 scythe of Curses {drain, curses, Drain}
    17 | D        | Found the +9 sword of Power {lifebolt}
    17 | D        | Found the +7 mace of Variability {chaos, chaos arc}
    17 | D        | Found the +11 Singing Sword {sonic wave}
    17 | D        | Found the +8 storm bow {elec, penet}
    31 | D        | Found a viscous altar of Jiyva.
    31 | D        | Found a hazy altar of Hepliaklqana.
    31 | D        | Found a transporter.
    31 | D        | Found an opulent altar of Gozag.
    31 | D        | Found an ancient bone altar of Kikubaaqudgha.
    31 | D        | Found a corrupted altar of Lugonu.
    34 | D        | Found a burning altar of Makhleb.
    35 | D        | Found an iron altar of Okawaru.
    35 | D        | Found a stormy altar of Qazlal.
    35 | D        | Found a sparkling altar of Nemelex Xobeh.
    35 | D        | Found a sacrificial altar of Ru.
    35 | D        | Found a shimmering blue altar of Sif Muna.
    45 | D        | Found a bloodstained altar of Trog.
    66 | D        | Became a worshipper of Trog the Wrathful
    82 | D        | Entered arena 2.
    82 | D        | Found a transporter.
    85 | D        | Reached skill level 4 in Shields
    85 | D        | Reached XP level 2. HP: 17/20 MP: 2/2
    90 | D        | Got the +10 quarterstaff of Xestreal {elec, Fragile rElec
                  | rF+++ Str-4}
    95 | D        | Entered arena 3.
    95 | D        | Found a transporter.
    98 | D        | Reached * piety under Trog
    99 | D        | Reached skill level 5 in Fighting
    99 | D        | Reached skill level 5 in Armour
    99 | D        | Reached skill level 5 in Shields
    99 | D        | Reached XP level 3. HP: 26/26 MP: 3/3
    99 | D        | Reached ** piety under Trog
   100 | D        | Reached XP level 4. HP: 32/32 MP: 4/4
   104 | D        | Entered arena 4.
   104 | D        | Found a transporter.
   111 | D        | Reached skill level 6 in Shields
   115 | D        | Reached *** piety under Trog
   116 | D        | Reached skill level 7 in Shields
   116 | D        | Reached XP level 5. HP: 31/37 MP: 5/5
   118 | D        | Acquired the amulet "Xoiggios" {Spirit rF++}
   127 | D        | Entered arena 5.
   127 | D        | Noticed a yak
   127 | D        | Found a transporter.
   137 | D        | Killed a yak
   137 | D        | Reached **** piety under Trog
   138 | D        | Reached skill level 5 in Maces & Flails
   138 | D        | Reached skill level 9 in Shields
   138 | D        | Reached XP level 6. HP: 44/44 MP: 6/6
   147 | D        | Entered arena 6.
   147 | D        | Noticed a jumping spider
   147 | D        | Found a transporter.
   160 | D        | Reached skill level 10 in Shields
   160 | D        | Reached XP level 7. HP: 30/50 MP: 1/7
   163 | D        | Killed a jumping spider
   164 | D        | Reached skill level 11 in Shields
   170 | D        | Got the +4 hand axe of the Mind {flame, rPois Str+3}
   259 | D        | Entered arena 7.
   260 | D        | Found a transporter.
   262 | D        | Reached ***** piety under Trog
   268 | D        | Reached skill level 12 in Shields
   270 | D        | Reached XP level 8. HP: 56/56 MP: 8/8
   275 | D        | Entered arena 8.
   276 | D        | Found a transporter.
   278 | D        | Received a gift from Trog
   281 | D        | Reached skill level 10 in Armour
   299 | D        | Entered arena 9.
   299 | D        | Noticed Sigmund
   299 | D        | Noticed Jessica
   299 | D        | Noticed Blork the orc
   299 | D        | Noticed Crazy Yiuf
   299 | D        | Noticed Dowan
   299 | D        | Noticed Duvessa
   299 | D        | Noticed Edmund
   300 | D        | Found a transporter.
   305 | D        | Killed Edmund
   305 | D        | Killed Crazy Yiuf
   305 | D        | Killed Blork the orc
   308 | D        | Killed Dowan
   308 | D        | Reached ****** piety under Trog
   308 | D        | Killed Duvessa
   309 | D        | Reached skill level 13 in Shields
   311 | D        | Killed Sigmund
   318 | D        | Killed Jessica
   318 | D        | Received a gift from Trog
   355 | D        | Entered arena 10.
   355 | D        | Noticed a wind drake
   355 | D        | Noticed a merfolk
   355 | D        | Noticed a merfolk
   355 | D        | Noticed a merfolk
   355 | D        | Noticed a wind drake
   355 | D        | Noticed a merfolk
   355 | D        | Noticed a merfolk
   356 | D        | Found a transporter.
   361 | D        | Killed a merfolk
   362 | D        | Reached skill level 10 in Fighting
   362 | D        | Killed a merfolk
   363 | D        | Reached skill level 14 in Shields
   363 | D        | Reached XP level 9. HP: 62/62 MP: 7/9
   365 | D        | Killed a merfolk
   370 | D        | Slain by a merfolk

Illustrated notes

Levels and vault maps discovered:
D:        sprint_v [room_start, room_1, room_2, room_3, room_4, room_5, room_6,
          room_7, room_8, room_9, room_10, room_11, room_12, room_13, room_14,
          room_15, room_16, room_17, room_18, room_19, room_20, room_21,
          room_22, room_23, room_24, room_25, room_26, room_27]

Skill      XL: |  1  2  3  4  5  6  7  8 |
---------------+-------------------------+-----
Fighting       | 4 5 6 8 9 10 | 10.1
Armour         | 4 5 6 8 9 11 | 11.2
Shields        | 4 5 7 9 10 12 14 | 14.4
Maces & Flails | 3 5 6 8 |  8.4

Action                     |  1- 3 |  4- 6 |  7- 9 || total
---------------------------+-------+-------+-------++-------
  Melee: Shillelagh        |     3 |    21 |    23 ||    47
 Invoke: Berserk           |       |     1 |     2 ||     3
    Use: Scroll            |       |     1 |       ||     1
 Armour: Gold dragon scale |     3 |    47 |    24 ||    74
  Dodge: Dodged            |       |     7 |     4 ||    11
  Block: Tower shield      |     3 |    56 |    45 ||   104
